 Dungeon Crawl Stone Soup version 0.29-a0-459-g97dee8cd24 (webtiles) character file.

Game seed: 1384435156301109988

14 fingers the Ruffian (level 2, 26/26 HPs)
             Began as a Ghoul Monk on May 20, 2022.
             Quit the game on level 1 of the Dungeon on May 23, 2022.
             The game lasted 00:03:55 (672 turns).

fingers the Ruffian (Ghoul Monk)                     Turns: 672, Time: 00:03:56

Health: 26/26      AC:  9    Str: 14    XL:     2   Next: 41%
Magic:  1/1        EV:  6    Int:  5    God:
Gold:   27         SH:  0    Dex: 11    Spells: 1/1 levels left

rFire   . . .      SeeInvis .     - Unarmed
rCold   + . .      Faith    .   (no shield)
rNeg    + + +      Spirit   .   f - +0 chain mail
rPois   ∞          Reflect  .   (no helmet)
rElec   .          Harm     .   (no cloak)
rCorr   .          Rampage  .   h - +0 pair of gloves
Will    .....                   (no boots)
Stlth   ..........              (no amulet)
HPRegen 0.08/turn               (no ring)
MPRegen 0.07/turn               (no ring)

@: no status effects
A: claws 1, cold resistance 1, negative energy resistance 3, inhibited
regeneration, torment resistance 2, devour on kill
a: no special abilities


You were on level 1 of the Dungeon.
You visited 1 branch of the dungeon, and saw 1 of its levels.

You collected 27 gold pieces.

Inventory:

Armour
 a - a +0 robe
 f - a +0 chain mail (worn)
 h - a +0 pair of gloves (worn)
Magical Staves
 g - a staff of conjuration
Scrolls
 d - a scroll of magic mapping {unknown}
Potions
 b - a potion of ambrosia
 c - a potion of brilliance {unknown}
 e - a potion of berserk rage {unknown}
 i - a potion of flight {unknown}
 j - a potion of magic {unknown}


   Skills:
 + Level 3.5 Fighting
 + Level 3.0 Dodging
 + Level 2.2 Stealth
 + Level 3.5 Unarmed Combat


You had one spell level left.
You didn't know any spells.
Your spell library contained the following spells:

 Spells                   Type           Power      Damage    Failure   Level
 Sandblast                Erth           0%         2d4       100%        1
 Passwall                 Tmut/Erth      0%         N/A       100%        2
 Stone Arrow              Conj/Erth      0%         3d7       100%        3


Dungeon Overview and Level Annotations

Branches:
Dungeon (1/15)

Altars:


Innate Abilities, Weirdness & Mutations

You are immune to poison.
You have sharp fingernails.
Your flesh is cold resistant. (rC+)
You are immune to negative energy. (rN+++)
You do not regenerate when monsters are visible.
You are immune to unholy pain and torment.
You thrive by killing the living.


Message History

Found a bubbling cyan potion.
The frilled lizard bites you but does no damage.
The frilled lizard bites you but does no damage.
The frilled lizard bites you.
The frilled lizard completely misses you.
The frilled lizard bites you but does no damage.
The frilled lizard bites you but does no damage.
The frilled lizard barely misses you. The frilled lizard bites you.
The frilled lizard bites you but does no damage.
You closely miss the frilled lizard.
The frilled lizard bites you but does no damage.
The frilled lizard closely misses you. The frilled lizard barely misses you.
The frilled lizard barely misses you. The frilled lizard closely misses you.
You barely miss the frilled lizard. The frilled lizard bites you.
You barely miss the frilled lizard.
The frilled lizard bites you but does no damage.
You hit the frilled lizard.
The frilled lizard is heavily wounded.
The frilled lizard bites you but does no damage.
You hit the frilled lizard.
You kill the frilled lizard!
Saving game... please wait.
Welcome back, fingers the Ghoul Monk.
Press ? for a list of commands and other information.
HP restored.
An endoplasm comes into view.
The endoplasm quivers.
You see here a bubbling cyan potion.
You hit the endoplasm.
The endoplasm is heavily wounded.
The endoplasm hits you.
You hit the endoplasm.
You kill the endoplasm!
You feel better.
Your Dodging skill increases to level 3!
j - a bubbling cyan potion Are you sure you want to abandon this character and quit the game? (Confirm with "yes".)

#.# ... . # ### #.
####.# ♣♣ #.. #...
∩♣♣♣♣ .#..#####.###
....♣♣ .........@..#
♣♣♣♣.♣♣......##.##.#
...♣♣.♣♣...........#
♣♣♣.♣♣.♣..#..#...###
..♣♣.♣.♣.....#...#
♣♣.♣.♣.♣♣....#...#
∩♣.♣.♣.∩♣........#
...♣.♣.♣♣..#.....#
♣∩♣..♣.♣.. #...#.#


There were no monsters in sight!

Vanquished Creatures
  4 bats (D:1)
  2 endoplasms (D:1)
  3 goblins (D:1)
  2 frilled lizards (D:1)
  A kobold (D:1)
12 creatures vanquished.

Notes
Turn   | Place    | Note
-------+----------+-------------------------------------------
     0 | D:1      | fingers the Ghoul Monk began the quest for the Orb.
     0 | D:1      | Reached XP level 1. HP: 19/19 MP: 0/0
   227 | D:1      | Reached XP level 2. HP: 23/26 MP: 1/1
   672 | D:1      | Quit the game

Illustrated notes

Levels and vault maps discovered:
D:1:      nagdon_arrival_double_spiral, layout_basic, serial_shops,
          nicolae_shop_hallway_stairs, nicolae_ecumenical_snake_handling,
          hex_tiny, hangedman_decor_diamond_cutter, minivault_26,
          grunt_decor_cap

Skill      XL: |  1  2 |
---------------+-------+-----
Dodging        | 3 |  3.0
Fighting       | |  3.5
Stealth        | |  2.2
Unarmed Combat | |  3.5

Action                   || total
-------------------------++-------
Melee: Unarmed           ||    30
       Punch             ||     1
Armor: Robe              ||     3
       Chain mail        ||    16
Dodge: Dodged            ||    31

Table legend: (Time is in decaauts)
 A = Elapsed time spent in this place.
 B = Non-inter-level travel time spent in this place.
 C = Inter-level travel time spent in this place.
 D = Time resting spent in this place.
 E = Time spent auto-exploring this place.
 F = Levels seen in this place.
 G = Mean time per level.
                   A        B        C        D        E       F      G
               +--------+--------+--------+--------+--------+-----+--------+
         Total |    670 |    662 |      8 |      0 |    194 |   1 |  670.0 |
       Dungeon |    670 |    662 |      8 |      0 |    194 |   1 |  670.0 |
               +--------+--------+--------+--------+--------+-----+--------+

Top non-repeatable levels by time:
     D:1: 670 daAuts
